 Dungeon Crawl Stone Soup version 0.32-a0-898-g7811c86cf0 (webtiles) character file.

Game seed: 16683645147149921658

2490 kae the Carver (level 9, 0/61 HPs)
             Began as a Coglin Gladiator on Apr 4, 2024.
             Slain by a steam dragon (7 damage)
             ... on level 7 of the Dungeon.
             The game lasted 00:05:58 (6458 turns).

kae the Carver (Coglin Gladiator)                   Turns: 6458, Time: 00:05:58

Health: 0/61       AC:  5    Str: 14    XL:     9   Next: 52%
Magic:  9/9        EV: 12    Int:  7    God:
Gold:   352        SH:  0    Dex: 21    Spells: 8/8 levels left

rFire   . . .        a - +3 long sword {Jia}
rCold   . . .        A - +0 falchion {Atia}
rNeg    . . .        b - +0 leather armour
rPois   .            c - +0 helmet
rElec   .            r - +0 cloak
rCorr   .            (no gloves)
SInv    .            (no boots)
Will    .....        (amulet unavailable)
Stlth   ++           (ring unavailable)
HPRegen 0.30/turn    (ring unavailable)
MPRegen 0.11/turn    (no gizmo)

%: no passive effects
@: revved
A: off-hand wielding, slow wielding, warmup strikes, no jewellery
a: Invent Gizmo


You were on level 7 of the Dungeon.
You visited 1 branch of the dungeon, and saw 7 of its levels.
You also visited: Sewer.

You collected 364 gold pieces.
You spent 12 gold pieces at shops.


Innate Abilities, Weirdness & Mutations

You can wield a second weapon in your off-hand.
It takes a long time for you to wield or remove held weapons.
Your first few attacks do less damage.
You cannot equip rings or amulets.


   Skills:
 - Level 2.0 Fighting
 + Level 12.8 Long Blades
 - Level 1.7 Throwing
 - Level 2.6 Dodging


You had 8 spell levels left.
You didn't know any spells.
Your spell library contained the following spells:

 Spells                   Type           Power      Damage    Failure   Level
 Ensorcelled Hibernation  Hex/Ice        0%         N/A       65%         2
 Fugue of the Fallen      Necr           0%         N/A       87%         3
 Anguish                  Hex/Necr       0%         N/A       99%         4

Inventory:

Hand Weapons
 a - a +3 long sword (weapon) {Jia}
 f - a +0 dagger {Hamal}
 A - a +0 falchion (offhand) {Atia}
   (You found it on level 5 of the Dungeon)
Missiles
 d - 3 throwing nets (quivered) {=f!f}
 e - a javelin
 h - 83 stones
 k - 9 poisoned darts
 q - 2 atropa-tipped darts
Armour
 b - a +0 leather armour (worn)
 c - a +0 helmet (worn)
 r - a +0 cloak (worn)
   (You found it on level 3 of the Dungeon)
Magical Staves
 w - a staff of conjuration {!a}
   (You found it on level 3 of the Dungeon)
Jewellery
 g - an amulet of regeneration
   (You found it on level 2 of the Dungeon)
 E - a +5 ring of evasion
   (You found it on level 5 of the Dungeon)
 F - a ring of fire
   (You found it on level 5 of the Dungeon)
Wands
 j - a wand of charming (5)
   (You found it on level 5 of the Dungeon)
Scrolls
 m - 3 scrolls of identify {@r1}
 o - a scroll of blinking {!r}
 u - 2 scrolls of fog
 y - a scroll of revelation
 z - 3 scrolls of teleportation {@r4}
 B - a scroll of poison {!r}
 D - 2 scrolls of vulnerability {!r!r}
 G - a scroll of immolation {unknown}
 H - a scroll of fear
Potions
 i - 2 potions of attraction {unknown}
 l - a potion of heal wounds {@q2}
 n - 3 potions of ambrosia
 p - a potion of enlightenment {unknown}
 s - a potion of invisibility
 t - 2 potions of cancellation
 v - 2 potions of might {unknown}
 x - 3 potions of magic {unknown}
 C - a potion of resistance
 I - a potion of degeneration {!q}

Dungeon Overview and Level Annotations

Branches:
Dungeon (7/15) Zot: 26681  Temple (0/1) D:6           Sewer (visited)

Altars:
Gozag
Qazlal
Wu Jian
Xom
Yredelemnul

Shops:
D:7 !

Annotations:
D:2 Sigmund

#.....#...........#
..........#.####..####
.........##.####.....
.........+.........
#.....#..##.####.#
##...###....#.)..#
#.....#§)####.#<.#
.......§§§.§D.#..#
######.#.§§§@....#
#.....§..)..#
..............#
####.#.§...##.#
#.#.....##.#
#.#.....##.#
#.#.....##..
#.....#### .......#


You could see a steam dragon.


Message History

The shadow imp gestures at you. Pain shoots through your body! 😕 HP[-2]
You take 2 damage, and now have 59/61 hp.
The shadow imp hits you. 😕 HP[-3]
You take 3 damage, and now have 56/61 hp.
You hit the shadow imp but do no damage.
You slash the shadow imp with your +0 falchion!
You hit the shadow imp with your +0 falchion.
You kill the shadow imp! 😕 HP[+1] No target in view!
No target in view!
You now have 333 gold pieces (gained 11).
You enter the shallow water.
Moving in this stuff is going to be slow.
Items here: )) [[. 😎 HP[+4]
Your hp is fully restored (61).
There is a stone staircase leading up here.
The wight barely misses you.
Things that are here:
a +0 morningstar; a +0 robe You hit the wight with your +3 long sword.
You hit the wight with your +0 falchion.
The wight barely misses you.
You hit the wight with your +0 falchion.
You slash the wight with your +3 long sword!
You destroy the wight!
You now have 352 gold pieces (gained 19).
Things that are here:
a +3 halberd; a +0 robe
k - 9 poisoned darts (gained 3)
Things that are here:
a +0 dagger; a kobold skeleton A steam dragon comes into view.
The steam dragon moves out of view.
Things that are here:
a +0 dagger; a kobold skeleton A steam dragon is nearby!
The steam dragon hisses angrily.
The steam dragon breathes steam at you. The ball of steam hits you! 😕 HP[-12]
You take 12 damage, and now have 49/61 hp.
No reachable target in view!
You are engulfed in a cloud of scalding steam. 😕 HP[-3]
You take 3 damage, and now have 46/61 hp.
The steam dragon bites you but does no damage.
The steam dragon claws you. 😮 HP[-4]
You take 4 damage, and now have 42/61 hp.
Unknown command.
You hit the steam dragon but do no damage.
You slash the steam dragon with your +3 long sword!
You closely miss the steam dragon with your +0 falchion.
You barely miss the steam dragon with your +3 long sword.
The steam dragon closely misses you. The steam dragon claws you. 😮 HP[-4]
You take 4 damage, and now have 38/61 hp.
Unknown command.
You hit the steam dragon with your +3 long sword.
You hit the steam dragon but do no damage.
You are engulfed in a cloud of scalding steam.
The steam dragon breathes steam at you. The ball of steam hits you!
* * * LOW HITPOINT WARNING * * *
You hear an angry hiss. 😨 HP[-11]
You take 11 damage, and now have 27/61 hp.
You hit the steam dragon but do no damage.
You barely miss the steam dragon with your +3 long sword.
Unknown command.
You hit the steam dragon but do no damage. x2
The steam dragon bites you.
* * * LOW HITPOINT WARNING * * *
The steam dragon closely misses you. 😨 HP[-6]
You take 6 damage, and now have 21/61 hp.
You hit the steam dragon but do no damage.
You hit the steam dragon with your +0 falchion.
You are engulfed in a cloud of scalding steam.
* * * LOW HITPOINT WARNING * * *
The steam dragon barely misses you.
The steam dragon closely misses you. 😨 HP[-3]
You take 3 damage, and now have 18/61 hp.
Unknown command.
You hit the steam dragon with your +0 falchion.
You slash the steam dragon with your +3 long sword!
You are engulfed in a cloud of scalding steam.
* * * LOW HITPOINT WARNING * * *
The steam dragon bites you.
* * * LOW HITPOINT WARNING * * *
The steam dragon barely misses you. 😱 HP[-11]
You take 11 damage, and now have 7/61 hp.
The steam dragon bites you!
You die...

Skill      XL: |  1  2  3  4  5  6  7  8  9 |
---------------+----------------------------+-----
Long Blades    | 4 5 6 8 9 11 12 | 12.8
Fighting       | |  2.0
Throwing       | |  1.7
Dodging        | |  2.6

Action                     |  1- 3 |  4- 6 |  7- 9 || total
---------------------------+-------+-------+-------++-------
  Melee: Dagger            |    52 |    94 |    88 ||   234
         Long sword        |    61 |   110 |   163 ||   334
         Falchion          |       |       |    67 ||    67
  Throw: Stone             |       |       |    10 ||    10
         Dart              |       |       |     9 ||     9
         Javelin           |       |       |     1 ||     1
    Use: Scroll            |     6 |    10 |     3 ||    19
         Potion            |       |       |     3 ||     3
   Stab: Sleeping          |     1 |     1 |       ||     2
 Armour: Leather armour    |    40 |    68 |    83 ||   191
         Skin              |       |       |    24 ||    24
  Dodge: Dodged            |    51 |    44 |    66 ||   161

Levels and vault maps discovered:
D:1:      matt_arrival_diagonals, layout_basic, serial_co_window_serial,
          co_window_paths_a, co_window_paths_b, co_window_corner_a,
          co_window_of_opportunity_a, co_window_of_opportunity_a,
          co_window_broadway_a, co_window_2corner, co_window_broadway_c,
          co_window_paths_d, glass_columns_a, glass_columns_b, glass_columns_a,
          glass_columns_a
D:2:      layout_basic, uniq_sigmund
D:3:      layout_loops_ring, pdpol_wu_jian_five_deadly_venoms,
          minmay_splitting_lines, kennysheep_generic_room_10
D:4:      layout_loops_cross, jmf_multi_god_temple, portal_sewer_entry_a,
          uniq_grinder, uniq_edmund
D:5:      layout_rooms, uniq_menkaure
D:6:      layout_rooms, nicolae_overflow_two_pavilions,
          minmay_temple_entry_from_below_a, kennysheep_cross_room, uniq_jeremiah
D:7:      layout_basic, biasface_ghost_orc_armoury, serial_shops,
          nicolae_shop_industrial_runoff, nicolae_lava_and_water,
          chequers_jeans, minmay_strange_pillars

Notes
Turn   | Place    | Note
-------+----------+-------------------------------------------
     0 | D:1      | kae the Coglin Gladiator began the quest for the Orb.
     0 | D:1      | Reached XP level 1. HP: 16/16 MP: 1/1
     0 | D:1      | magus.rc [v1.11.3]
    43 | D:1      | Reached XP level 2. HP: 22/22 MP: 2/2
   617 | D:1      | Reached skill level 4 in Long Blades
   907 | D:2      | Reached XP level 3. HP: 27/27 MP: 3/3
  1205 | D:2      | Reached XP level 4. HP: 33/33 MP: 4/4
  1651 | D:2      | Noticed Sigmund
  1716 | D:2      | Reached skill level 5 in Long Blades
  1839 | D:3      | Found an ornate altar of the Wu Jian Council.
  2131 | D:3      | Reached XP level 5. HP: 34/38 MP: 5/5
  2672 | D:4      | Reached skill level 6 in Long Blades
  2689 | D:4      | Found the +4 robe of Augmentation {Str+4 Int+4 Dex+4}
  2700 | D:4      | Found a glowing drain.
  2717 | D:4      | Reached XP level 6. HP: 32/44 MP: 6/6
  2731 | Sewer    | Entered a sewer
  2811 | Sewer    | Reached skill level 7 in Long Blades
  3280 | D:4      | Noticed Grinder
  3289 | D:4      | Killed Grinder
  3290 | D:4      | Reached skill level 8 in Long Blades
  3290 | D:4      | Reached XP level 7. HP: 24/50 MP: 7/7
  3501 | D:4      | Noticed Edmund
  3510 | D:4      | Killed Edmund
  3511 | D:4      | Reached skill level 9 in Long Blades
  3544 | D:4      | Found a basalt altar of Yredelemnul.
  3546 | D:4      | Found a stormy altar of Qazlal.
  3552 | D:4      | Reached XP level 8. HP: 55/56 MP: 8/8
  4270 | D:5      | Entered Level 5 of the Dungeon
  4357 | D:5      | Reached skill level 10 in Long Blades
  4415 | D:5      | Noticed a wraith
  4433 | D:5      | Killed a wraith
  4502 | D:5      | Noticed Menkaure
  4506 | D:5      | Killed Menkaure
  4546 | D:5      | Reached skill level 11 in Long Blades
  4865 | D:6      | Reached XP level 9. HP: 56/61 MP: 9/9
  4872 | D:6      | Noticed Jeremiah
  5186 | D:6      | HP: 11/52 [Jeremiah/divine providence (9)]
  5190 | D:6      | Killed Jeremiah
  5191 | D:6      | Reached skill level 12 in Long Blades
  5369 | D:6      | Found a staircase to the Ecumenical Temple.
  5635 | D:6      | Found an opulent altar of Gozag.
  5635 | D:6      | Found a shimmering altar of Xom.
  5873 | D:6      | You pick up a book of Dreams and begin reading...
  5873 | D:6      | You add the spells Ensorcelled Hibernation, Fugue of the
                  | Fallen and Anguish to your library.
  6289 | D:7      | Found Colipoka's Distillery.
  6300 | D:7      | Bought a potion of degeneration for 12 gold pieces
  6457 | D:7      | HP: 11/61 [steam dragon] (7)]
  6458 | D:7      | Slain by a steam dragon

Vanquished Creatures
  Jeremiah (D:6)
  Grinder (D:4)
  A wraith (D:5)
  Menkaure (D:5)
  Edmund (D:4)
  A black bear (D:4)
  An ogre (D:7)
  A phantom (D:5)
  A kobold brigand (D:7)
  2 brain worms (Sewer)
  6 scorpions
  3 wights (D:7)
  A killer bee (D:6)
  A howler monkey (D:5)
  2 electric eels (D:6)
  A jelly (D:7)
  3 bombardier beetles
  4 hounds
  A sleepcap (D:5)
  2 iguanas
  6 adders
  5 river rats
  2 shadow imps (D:7)
  3 white imps
  3 dart slugs
  3 ribbon worms
  4 orcs
  12 ball pythons
  5 bats
  12 endoplasms
  3 giant cockroaches
  8 goblins
  8 hobgoblins
  10 kobolds
  A quokka (D:1)
  9 frilled lizards
  9 rats
138 creatures vanquished.

Table legend:
 A = Non-vault XP
 B = Vault XP
 C = Vault XP percentage of total XP
 D = Non-vault monster count
 E = Vault monster count
 F = Vault count percentage of total count
                 A         B        C        D         E       F
            +---------+---------+-------+---------+---------+-------
      Total |    2289 |    1269 |  35.7 |     105 |      33 |  23.9
            +---------+---------+-------+---------+---------+-------
        D:1 |      33 |       0 |   0.0 |      19 |       0 |   0.0
        D:2 |      70 |       0 |   0.0 |      19 |       0 |   0.0
        D:3 |      92 |       3 |   3.2 |      17 |       1 |   5.6
        D:4 |     497 |     468 |  48.5 |      19 |       9 |  32.1
        D:5 |     742 |     169 |  18.6 |      11 |       1 |   8.3
        D:6 |     340 |     365 |  51.8 |       9 |       1 |  10.0
        D:7 |     515 |       0 |   0.0 |      11 |       0 |   0.0
      Sewer |       0 |     264 | 100.0 |       0 |      21 | 100.0
            +---------+---------+-------+---------+---------+-------

Skill      XL: |  1  2  3  4  5  6  7  8  9 |
---------------+----------------------------+-----
Long Blades    | 4 5 6 8 9 11 12 | 12.8
Fighting       | |  2.0
Throwing       | |  1.7
Dodging        | |  2.6

Action                     |  1- 3 |  4- 6 |  7- 9 || total
---------------------------+-------+-------+-------++-------
  Melee: Dagger            |    52 |    94 |    88 ||   234
         Long sword        |    61 |   110 |   163 ||   334
         Falchion          |       |       |    67 ||    67
  Throw: Stone             |       |       |    10 ||    10
         Dart              |       |       |     9 ||     9
         Javelin           |       |       |     1 ||     1
    Use: Scroll            |     6 |    10 |     3 ||    19
         Potion            |       |       |     3 ||     3
   Stab: Sleeping          |     1 |     1 |       ||     2
 Armour: Leather armour    |    40 |    68 |    83 ||   191
         Skin              |       |       |    24 ||    24
  Dodge: Dodged            |    51 |    44 |    66 ||   161

Illustrated notes

Table legend:
 A = Kills in this place as a percentage of kills in the entire game.
 B = Kills by you in this place as a percentage of kills by you in the entire game.
 C = Kills by friends in this place as a percentage of kills by friends in the entire game.
 D = Other kills in this place as a percentage of other kills in the entire game.
 E = Experience gained in this place as a percentage of experience gained in the entire game.
 F = Experience gained in this place divided by the number of levels of this place that you have seen.
                   A       B       C       D       E      F
               +-------+-------+-------+-------+-------+----------------------
         Total | 100.0 | 100.0 |   N/A |   N/A | 100.0 | 444.8
       Dungeon |  84.8 |  84.8 |   N/A |   N/A |  92.6 | 470.6
         Sewer |  15.2 |  15.2 |   N/A |   N/A |   7.4 | 264.0
               +-------+-------+-------+-------+-------+----------------------

Table legend: (Time is in decaauts)
 A = Elapsed time spent in this place.
 B = Non-inter-level travel time spent in this place.
 C = Inter-level travel time spent in this place.
 D = Time resting spent in this place.
 E = Time spent auto-exploring this place.
 F = Levels seen in this place.
 G = Mean time per level.
                   A        B        C        D        E       F      G
               +--------+--------+--------+--------+--------+-----+--------+
         Total |   6481 |   6228 |    253 |    669 |   4461 |   8 |  810.1 |
       Dungeon |   5966 |   5713 |    253 |    627 |   4156 |   7 |  852.3 |
         Sewer |    514 |    514 |      0 |     42 |    305 |   1 |  514.0 |
               +--------+--------+--------+--------+--------+-----+--------+

Top non-repeatable levels by time:
     D:4: 1119 daAuts
     D:6: 1092 daAuts
     D:2: 911 daAuts
     D:1: 904 daAuts
     D:3: 854 daAuts
     D:5: 839 daAuts
   Sewer: 514 daAuts
     D:7: 244 daAuts
